[Event "December 19 Early 2023"]
[Site "https://www.chess.com"]
[Date "2023.12.19"]
[Round "8"]
[White "Javakhadze, Zurab"]
[Black "Farahat, Ali"]
[Result "0-1"]
[Board "64"]
[TimeControl "180+1"]
[WhiteFideId "13603647"]
[BlackFideId "10600507"]
[WhiteElo "2374"]
[BlackElo "2254"]
[WhiteTeam "GEO"]
[BlackTeam "USA"]
[WhiteClock "0:00:00"]
[BlackClock "0:00:14"]

1. d4 d5 2. c4 c6 3. Nc3 Nf6 4. e3 e6 5. Nf3 Nbd7 6. Be2 Be7 7. O-O O-O 8. b3 b6 9. Bb2 Bb7 10. Bd3 Re8 11. Rc1 a6 12. Re1 Bf8 13. e4 dxe4 14. Nxe4 Nxe4 15. Rxe4 c5 16. Rg4 Nf6 17. Rh4 g6 18. dxc5 bxc5 19. Ng5 Bg7 20. Qe2 e5 21. Bc2 h5 22. Rh3 e4 23. Rg3 Ng4 24. Bxg7 Qxg5 25. Bb2 Rad8 26. h3 Rd2 27. Qe1 e3 28. fxe3 Rxe3 29. Qxd2 Rxg3 30. Qxg5 Rxg2+ 31. Kf1 Nh2+ 32. Ke1 Rxg5 33. Kf2 Rg2+ 34. Ke3 Rg3+ 35. Kf4 Rxh3 36. Rd1 Rf3+ 37. Kg5 Rg3+ 38. Kf6 Ng4+ 39. Ke7 Re3+ 0-1

[Event "December 19 Early 2023"]
[Site "https://www.chess.com"]
[Date "2023.12.19"]
[Round "8"]
[White "Halkias, Stelios"]
[Black "Nanu, Costica-Ciprian"]
[Result "1/2-1/2"]
[Board "65"]
[TimeControl "180+1"]
[WhiteFideId "4201809"]
[BlackFideId "1204580"]
[WhiteElo "2462"]
[BlackElo "2485"]
[WhiteTeam "GRE"]
[BlackTeam "ROU"]
[WhiteClock "0:00:11"]
[BlackClock "0:00:36"]

1. e4 c5 2. Nc3 Nc6 3. Bb5 d6 4. Bxc6+ bxc6 5. f4 c4 6. Nf3 Qb6 7. d4 cxd3 8. cxd3 Nf6 9. Qe2 Bg4 10. Be3 Bxf3 11. gxf3 c5 12. O-O e6 13. Rad1 Be7 14. d4 cxd4 15. Bxd4 Qb7 16. Kh1 O-O 17. Rg1 Rfd8 18. Qg2 g6 19. Qh3 e5 20. fxe5 dxe5 21. Bxe5 Rxd1 22. Rxd1 Qxb2 23. Qf1 Rd8 24. Rxd8+ Bxd8 25. Qd1 Be7 26. Qd4 Qc1+ 27. Kg2 Nh5 28. Qxa7 Qg5+ 29. Bg3 Qd2+ 30. Bf2 Nf4+ 31. Kg3 Nd3 32. Be3 Qe1+ 33. Kg2 Bd6 34. Bh6 Nf4+ 35. Bxf4 Bxf4 36. Nd5 Be5 37. Qf2 Qc1 38. f4 Bd6 39. e5 Qc6 40. Qf3 Qc2+ 41. Kh3 Qf5+ 42. Kg3 Bc5 43. Qc3 Bf8 44. Nf6+ Kg7 45. Qf3 h5 46. Ne4 Be7 47. h4 Qd7 48. Ng5 Qd2 49. Ne4 Qe1+ 50. Kg2 Bxh4 51. a4 Be7 52. f5 gxf5 53. Ng3 Qxe5 54. Nxf5+ Kf8 55. Qxh5 Qe4+ 56. Qf3 Qxa4 57. Qd5 Qc2+ 58. Kf3 Qc3+ 59. Kf4 Qc1+ 60. Kf3 Qa3+ 61. Kg4 Qb4+ 62. Kf3 Qc3+ 63. Kg2 Qf6 64. Kf3 Qc3+ 1/2-1/2

[Event "December 19 Early 2023"]
[Site "https://www.chess.com"]
[Date "2023.12.19"]
[Round "8"]
[White "Andreev, Konstantin"]
[Black "Leiva, Gianmarco"]
[Result "1-0"]
[Board "66"]
[TimeControl "180+1"]
[WhiteFideId "24239305"]
[BlackFideId "3804399"]
[WhiteElo "2093"]
[BlackElo "2338"]
[WhiteTeam "ITA"]
[BlackTeam "PER"]
[WhiteClock "0:01:45"]
[BlackClock "0:00:00"]

1. e4 c5 2. Nf3 d6 3. d4 cxd4 4. Nxd4 Nf6 5. Nc3 a6 6. h4 e5 7. Nb3 Be7 8. Bg5 Be6 9. Bxf6 Bxf6 10. g3 Be7 11. Qd3 Nd7 12. O-O-O Nf6 13. f4 b5 14. Kb1 Qb6 15. f5 Bc4 16. Qf3 Rb8 17. g4 Bxf1 18. Rhxf1 b4 19. Ne2 a5 20. g5 Nd7 21. Ng3 a4 22. Nc1 Nc5 23. Nh5 Bf8 24. g6 f6 25. gxh7 Rxh7 26. Qg4 Kd8 27. Qg6 Rh6 28. Qf7 Rxh5 29. Qxf8+ Kc7 30. Qf7+ Kc6 31. Qxh5 b3 32. cxb3 axb3 33. a3 Nxe4 34. Qf3 d5 35. Qd3 Qc5 36. Nxb3 Qc4 37. Rc1 1-0

[Event "December 19 Early 2023"]
[Site "https://www.chess.com"]
[Date "2023.12.19"]
[Round "8"]
[White "Srihari L R"]
[Black "Kashefi, Amir Hosein"]
[Result "0-1"]
[Board "67"]
[TimeControl "180+1"]
[WhiteFideId "46617116"]
[BlackFideId "12557935"]
[WhiteElo "2338"]
[BlackElo "2109"]
[WhiteTeam "IND"]
[BlackTeam "IRI"]
[WhiteClock "0:00:00"]
[BlackClock "0:00:02"]

1. Nf3 Nf6 2. c4 e6 3. Nc3 b6 4. g3 Bb7 5. Bg2 Bb4 6. Qc2 O-O 7. a3 Bxc3 8. Qxc3 d6 9. O-O Nbd7 10. b4 a5 11. Bb2 Qe7 12. d3 Ra7 13. b5 e5 14. Rfe1 Nc5 15. Qc2 a4 16. e4 Bc8 17. Nd2 Nfd7 18. Nf1 Nb3 19. Rad1 Ndc5 20. Ne3 Ra8 21. Nd5 Qd8 22. h3 Bb7 23. f4 f6 24. Qf2 Ne6 25. h4 Ned4 26. f5 Bxd5 27. exd5 Kf7 28. g4 h6 29. Be4 Ke7 30. Re3 Kd7 31. Kf1 Kc8 32. Rg3 Kb7 33. Kg2 Qd7 34. Rg1 Rh8 35. Kf1 Raf8 36. Ke1 Qc8 37. Kd1 Qa8 38. Bc3 Qc8 39. h5 Qa8 40. Re1 Re8 41. Bg2 Re7 42. Rge3 Rhe8 43. Re4 Qd8 44. Bxd4 Nxd4 45. Rxd4 exd4 46. Re6 Rf7 47. Qxd4 Rff8 48. Qe4 Kc8 49. Kc2 Kd7 50. Qd4 Qa8 51. Qc3 Qa7 52. Qb4 Re7 53. Bf3 Ke8 54. Qe1 Rf7 55. Kb2 Kf8 56. Bd1 Qa8 57. Qb4 Re8 58. Qxa4 Qxa4 59. Bxa4 Rd7 60. Bd1 Rdd8 61. a4 Ra8 62. Kc3 Ra7 63. Kb4 Rea8 64. d4 Kf7 65. c5 Rd8 66. Bb3 Rd7 67. Bc4 Kf8 68. Bb3 Rd8 69. Kc3 Rd7 70. Kd2 Rd8 71. Kd3 Rd7 72. Ke4 Rd8 73. Kd3 Rd7 74. Kc4 Rd8 75. Kb4 Rd7 76. Re1 Rd8 77. Bc4 dxc5+ 78. dxc5 bxc5+ 79. Ka3 Rda8 80. Bb3 c4 81. Bc2 Rd8 82. Rd1 Re8 83. Rd4 Re2 84. Rxc4 Re3+ 85. Kb4 Ke7 86. Rc6 Kd7 87. Re6 Rg3 88. Be4 Rxg4 0-1

[Event "December 19 Early 2023"]
[Site "https://www.chess.com"]
[Date "2023.12.19"]
[Round "8"]
[White "Bardyk, Artem"]
[Black "Cattaneo, Marco"]
[Result "0-1"]
[Board "68"]
[TimeControl "180+1"]
[WhiteFideId "34349979"]
[BlackFideId "878332"]
[WhiteElo "2300"]
[BlackElo "2186"]
[WhiteTeam "RUS"]
[BlackTeam "ITA"]
[WhiteClock "0:00:17"]
[BlackClock "0:00:02"]

1. e4 Nf6 2. e5 Nd5 3. Nc3 e6 4. Nxd5 exd5 5. d4 d6 6. Nf3 Be7 7. h3 Bf5 8. Bd3 Bxd3 9. Qxd3 c6 10. O-O O-O 11. Bf4 dxe5 12. Nxe5 Nd7 13. Rfe1 Nxe5 14. Bxe5 Bd6 15. Qg3 Bxe5 16. Rxe5 Qd7 17. Rae1 Rae8 18. Qe3 Rxe5 19. Qxe5 h6 20. Qe7 Rd8 21. c3 Qc8 22. Qa3 a6 23. Qe7 Rd7 24. Qe5 Qd8 25. a4 Kf8 26. Qf5 Kg8 27. Re3 Re7 28. Rg3 Re1+ 29. Kh2 Qd6 30. Qc8+ Kh7 31. Qxb7 Qf4 32. Qd7 Qxf2 33. Rf3 Qg1+ 34. Kg3 Re2 35. Qf5+ Kh8 36. Rf2 Re3+ 37. Rf3 Re2 38. Rf2 Re3+ 39. Kh4 Re4+ 40. g4 Qh1 41. Qxf7 Qe1 42. Kh5 Re8 43. h4 Qe4 44. Rf5 Rg8 45. Qg6 Qh1 46. Qxc6 g6+ 47. Kxh6 Qxh4+ 48. Rh5 gxh5 49. Qf6+ Qxf6+ 0-1

[Event "December 19 Early 2023"]
[Site "https://www.chess.com"]
[Date "2023.12.19"]
[Round "8"]
[White "aksuliini1"]
[Black "Liyanage, Ranindu Dilshan"]
[Result "0-1"]
[Board "69"]
[TimeControl "180+1"]
[BlackFideId "9915834"]
[WhiteElo "2544"]
[BlackElo "2198"]
[BlackTeam "SRI"]
[WhiteClock "0:00:00"]
[BlackClock "0:00:23"]

1. e4 g6 2. d4 Bg7 3. Nf3 d6 4. Be3 Nf6 5. Nc3 O-O 6. Qd2 a6 7. O-O-O b5 8. Bd3 Bb7 9. Bh6 b4 10. Nd5 Nbd7 11. h4 Bxd5 12. exd5 Bxh6 13. Qxh6 Ng4 14. Qd2 h5 15. Ng5 Nb6 16. f3 Nf6 17. g4 Nbxd5 18. gxh5 Nxh5 19. Rdg1 Ndf6 20. f4 e6 21. f5 exf5 22. Bxf5 Qe7 23. Bd3 Rae8 24. Qxb4 Qe3+ 25. Qd2 Qxd4 26. Nxf7 Rxf7 27. Bxg6 Qxd2+ 28. Kxd2 Ng7 29. Bxf7+ Kxf7 30. Rf1 Re5 31. Rh3 Ke7 32. Re3 Ne4+ 33. Kc1 d5 34. Rfe1 Nf5 35. Ra3 Nxh4 36. Rxa6 Nf3 37. Rh1 Neg5 38. a4 Re2 39. a5 Nd4 40. Kb1 Nxc2 41. Rg6 Ne6 42. Rh7+ Kd6 43. a6 Nb4 44. Rh1 Nxa6 45. Rd1 Nc5 46. Rg5 Nxg5 0-1

[Event "December 19 Early 2023"]
[Site "https://www.chess.com"]
[Date "2023.12.19"]
[Round "8"]
[White "Adla, Diego"]
[Black "Iljin, Timofey"]
[Result "1-0"]
[Board "70"]
[TimeControl "180+1"]
[WhiteFideId "100072"]
[BlackFideId "14110180"]
[WhiteElo "2377"]
[BlackElo "2380"]
[WhiteTeam "ARG"]
[BlackTeam "UKR"]
[WhiteClock "0:01:30"]
[BlackClock "0:02:11"]

1. c4 f5 2. Nc3 Nf6 3. g3 g6 4. h4 Bg7 5. Nh3 O-O 6. Bg2 e5 7. d4 d6 8. Bg5 h6 9. dxe5 hxg5 10. exf6 Qxf6 11. hxg5 Qe7 12. Nf4 Bxc3+ 13. bxc3 Kg7 14. Nd5 Qf7 15. Qd4+ 1-0

[Event "December 19 Early 2023"]
[Site "https://www.chess.com"]
[Date "2023.12.19"]
[Round "8"]
[White "Thorfinnsson, Bjorn"]
[Black "Korchynskyi, Mykola"]
[Result "1-0"]
[Board "71"]
[TimeControl "180+1"]
[WhiteFideId "2300982"]
[BlackFideId "34138005"]
[WhiteElo "2394"]
[BlackElo "2007"]
[WhiteTeam "ISL"]
[BlackTeam "UKR"]
[WhiteClock "0:00:52"]
[BlackClock "0:00:24"]

1. d4 d5 2. Nf3 Nf6 3. Bg5 e6 4. e3 Be7 5. Bd3 O-O 6. Nbd2 b6 7. c3 Bb7 8. Qc2 h6 9. h4 Nbd7 10. O-O-O c5 11. Bxf6 Nxf6 12. Ne5 c4 13. Be2 b5 14. g4 Ne4 15. Nxe4 dxe4 16. g5 Qa5 17. a3 Qb6 18. Nd7 Qc7 19. Nxf8 Rxf8 20. Rdg1 Kh8 21. gxh6 gxh6 22. Rg4 a5 23. Rhg1 Ra8 24. Rxe4 b4 25. Rf4 f5 26. Rg6 Bd5 27. Rxf5 exf5 28. Qxf5 Bg8 29. Rxh6+ Kg7 30. Qg6+ Kf8 31. Rh8 Bd8 32. Rxg8+ Ke7 33. Rg7+ Kf8 34. Rg8+ Ke7 35. Re8+ Kd7 36. Qe6# 1-0

[Event "December 19 Early 2023"]
[Site "https://www.chess.com"]
[Date "2023.12.19"]
[Round "8"]
[White "Hirneise, Jens"]
[Black "Khumalo, Keith"]
[Result "0-1"]
[Board "72"]
[TimeControl "180+1"]
[WhiteFideId "24614734"]
[BlackFideId "14319470"]
[WhiteElo "2311"]
[BlackElo "2093"]
[WhiteTeam "GER"]
[BlackTeam "RSA"]
[WhiteClock "0:00:04"]
[BlackClock "0:01:24"]

1. e4 c5 2. Nc3 g6 3. g3 Bg7 4. Bg2 Nc6 5. Nge2 d6 6. d3 Rb8 7. Be3 Nd4 8. O-O e6 9. f4 Ne7 10. Qd2 O-O 11. Nd1 b5 12. c3 Nxe2+ 13. Qxe2 b4 14. d4 bxc3 15. bxc3 cxd4 16. cxd4 Qa5 17. Rf2 Ba6 18. Qd2 Qa3 19. Qc3 Qa4 20. Nb2 Qb5 21. Bf1 Qb7 22. Bg2 Rfc8 23. Qa3 d5 24. Nd3 Bxd3 25. Qxd3 dxe4 26. Bxe4 Nd5 27. a4 Rc3 28. Bxd5 Rxd3 29. Bxb7 Rxb7 30. Re1 Rbb3 31. Rfe2 Rxe3 32. Rxe3 Bxd4 33. Kf2 Ra3 34. Kf3 Bxe3 35. Rxe3 Rxa4 36. Rb3 h5 37. h3 a5 38. g4 hxg4+ 39. hxg4 Ra1 40. g5 a4 41. Rb8+ Kg7 42. Ra8 a3 43. Kg2 a2 44. Kh2 Rf1 45. Rxa2 Rxf4 46. Kg3 Rb4 47. Ra5 Rd4 48. Ra7 Kf8 49. Kf3 Ke8 50. Kg3 Rd7 51. Ra8+ Ke7 52. Kf4 Rd4+ 53. Ke5 Rd5+ 54. Kf4 Rf5+ 55. Kg4 Rd5 56. Kf4 e5+ 57. Ke4 Rb5 58. Ra6 Kf8 59. Rc6 Ke7 60. Ra6 Rc5 61. Rb6 Kd7 62. Rf6 Ke7 63. Ra6 Rc1 64. Kxe5 Rf1 65. Ra7+ Kf8 66. Ke4 Rf5 67. Rb7 Rxg5 68. Ra7 Kg7 69. Rb7 Ra5 70. Rc7 g5 71. Rb7 Kg6 72. Rb6+ f6 73. Rb8 f5+ 74. Ke3 Ra3+ 75. Kd4 Kh5 76. Ke5 Kg4 77. Rb1 Ra5+ 78. Kd4 f4 79. Kd3 Kf5 80. Rh1 Ra3+ 81. Ke2 g4 82. Rh5+ Ke4 83. Rh8 Ra2+ 84. Ke1 Kf3 85. Rb8 Ra1+ 86. Kd2 g3 87. Rb1 Rxb1 0-1

[Event "December 19 Early 2023"]
[Site "https://www.chess.com"]
[Date "2023.12.19"]
[Round "8"]
[White "Aaditya Dhingra"]
[Black "Goltseva, Ekaterina"]
[Result "1-0"]
[Board "73"]
[TimeControl "180+1"]
[WhiteFideId "25678191"]
[BlackFideId "24173770"]
[WhiteElo "2269"]
[BlackElo "2139"]
[WhiteTeam "IND"]
[BlackTeam "RUS"]
[WhiteClock "0:01:30"]
[BlackClock "0:00:00"]

1. d4 d5 2. Nc3 Nf6 3. Bf4 e6 4. Nb5 Na6 5. e3 Be7 6. Nf3 O-O 7. c4 c6 8. Nc3 dxc4 9. Bxc4 b5 10. Bd3 b4 11. Ne4 c5 12. Qc2 b3 13. Qxb3 Nb4 14. O-O Nxd3 15. Qxd3 Bb7 16. Nxf6+ Bxf6 17. Rfd1 Bxf3 18. gxf3 cxd4 19. Qe4 Qa5 20. exd4 Rad8 21. Be5 Bxe5 22. dxe5 Rd2 23. b4 Qd8 24. Rxd2 Qxd2 25. a3 h5 26. Re1 Rd8 27. Qe3 Qa2 28. Qxa7 Rd3 29. Qa8+ 1-0

[Event "December 19 Early 2023"]
[Site "https://www.chess.com"]
[Date "2023.12.19"]
[Round "8"]
[White "Santos Flores, Alberto"]
[Black "Rozman, Levy"]
[Result "0-1"]
[Board "74"]
[TimeControl "180+1"]
[WhiteFideId "3601234"]
[BlackFideId "2039877"]
[WhiteElo "2229"]
[BlackElo "2376"]
[WhiteTeam "ECU"]
[BlackTeam "USA"]
[WhiteClock "0:00:50"]
[BlackClock "0:00:09"]

1. e4 d5 2. exd5 Qxd5 3. Nf3 Bg4 4. Be2 Nc6 5. d4 e6 6. Be3 Nf6 7. Nbd2 O-O-O 8. a3 Qf5 9. c4 Bxf3 10. Nxf3 Ng4 11. O-O Bd6 12. h3 Nxe3 13. fxe3 Qe4 14. Qd2 Qg6 15. b4 Kb8 16. Qc3 Qg3 17. b5 Ne7 18. c5 Nd5 19. Qe1 Nxe3 20. Qxg3 Bxg3 21. Rfc1 Nf5 22. Rd1 Bf4 23. Ne5 Nxd4 24. Nxf7 Nxe2+ 25. Kf2 Rxd1 26. Rxd1 Nc3 27. Rd3 Rf8 28. Rxc3 Rxf7 29. Rf3 Rf5 30. g4 Rf6 31. Ke2 c6 32. b6 axb6 33. cxb6 Kc8 34. Kd3 Bd6 35. Rxf6 gxf6 36. a4 Bc5 37. a5 Bb4 0-1

[Event "December 19 Early 2023"]
[Site "https://www.chess.com"]
[Date "2023.12.19"]
[Round "8"]
[White "Devaev, Alexander"]
[Black "Yeritsyan, Hayk"]
[Result "0-1"]
[Board "75"]
[TimeControl "180+1"]
[WhiteFideId "4169395"]
[BlackFideId "13307320"]
[WhiteElo "2172"]
[BlackElo "2130"]
[WhiteTeam "RUS"]
[BlackTeam "ARM"]
[WhiteClock "0:00:00"]
[BlackClock "0:02:24"]

1. d4 Nf6 2. c4 c5 3. d5 b5 4. cxb5 a6 5. e3 g6 6. Nc3 Bg7 7. a4 O-O 8. Rb1 d6 9. Bd3 axb5 10. axb5 Bb7 11. e4 e6 12. dxe6 fxe6 13. Nf3 d5 14. Qe2 c4 15. Bxc4 dxc4 16. Qxc4 Qc8 17. Qe2 Nbd7 18. Bf4 Nc5 19. Bd6 Rd8 20. e5 Nd5 21. O-O Nxc3 22. bxc3 Ne4 0-1

[Event "December 19 Early 2023"]
[Site "https://www.chess.com"]
[Date "2023.12.19"]
[Round "8"]
[White "Piesik, Piotr"]
[Black "Horak, Martin"]
[Result "1-0"]
[Board "76"]
[TimeControl "180+1"]
[WhiteFideId "1136194"]
[BlackFideId "367095"]
[WhiteElo "2319"]
[BlackElo "2091"]
[WhiteTeam "CZE"]
[BlackTeam "CZE"]
[WhiteClock "0:01:42"]
[BlackClock "0:00:14"]

1. Nf3 Nf6 2. g3 g6 3. Bg2 Bg7 4. O-O O-O 5. d4 d6 6. Nbd2 Nc6 7. e4 Bg4 8. c3 e5 9. Qb3 Bxf3 10. Nxf3 Rb8 11. dxe5 Nxe5 12. Nxe5 dxe5 13. Be3 b6 14. f3 Qe7 15. a4 a5 16. Rfd1 Rfd8 17. Bf1 Rxd1 18. Rxd1 Rd8 19. Bc4 Rxd1+ 20. Qxd1 Ne8 21. Qd5 h5 22. b4 axb4 23. cxb4 Nd6 24. Bb3 Kh7 25. a5 bxa5 26. bxa5 Bh6 27. Bf2 Qg5 28. a6 Qc1+ 29. Kg2 Qb2 30. Qd3 h4 31. a7 h3+ 32. Kxh3 Qxf2 33. a8=Q g5 34. Qd8 g4+ 35. fxg4 1-0

[Event "December 19 Early 2023"]
[Site "https://www.chess.com"]
[Date "2023.12.19"]
[Round "8"]
[White "Karas, Marek"]
[Black "Espinoza Villanueva, Rodrigo"]
[Result "1/2-1/2"]
[Board "77"]
[TimeControl "180+1"]
[WhiteFideId "14928558"]
[BlackFideId "5140188"]
[WhiteElo "2218"]
[BlackElo "1907"]
[WhiteTeam "CZE"]
[BlackTeam "MEX"]
[WhiteClock "0:00:07"]
[BlackClock "0:00:08"]

1. d4 Nf6 2. Nf3 e6 3. c4 d5 4. Nc3 Be7 5. g3 O-O 6. Bg2 b6 7. Ne5 Bb7 8. O-O Nbd7 9. Bf4 Rc8 10. Qa4 c5 11. cxd5 exd5 12. Rfd1 cxd4 13. Qxd4 Nc5 14. Nxd5 Nxd5 15. Bxd5 Bxd5 16. Qxd5 Qxd5 17. Rxd5 Bf6 18. Rc1 Rfe8 19. b4 Ne4 20. Rxc8 Rxc8 21. Rd7 g5 22. Ng4 gxf4 23. f3 h5 24. Nh6+ Kh7 25. Nxf7 Rc1+ 26. Kg2 Nc3 27. Kf2 Kg6 28. gxf4 Nd1+ 29. Kg2 Ne3+ 30. Kf2 Nf5 31. e4 Bh4+ 32. Ke2 Ng7 33. f5+ Kf6 34. Nd8 Ke5 35. Rd5+ Kf4 36. Ne6+ Nxe6 37. fxe6 Rc2+ 38. Kd3 Rc8 39. Rd7 Re8 40. Rf7+ Ke5 41. Rf5+ Kxe6 42. Rxh5 Bf6 43. f4 Kf7 44. Ke3 Rd8 45. Rh7+ Bg7 46. Rh5 Rc8 47. Rd5 Rc3+ 48. Kf2 Rc2+ 49. Kf3 Rxa2 50. b5 Ra3+ 51. Kg4 Rb3 52. Rd6 Rb4 53. Rd7+ Kg6 54. Rxa7 Rxe4 55. Rb7 Re6 56. Rc7 Rf6 57. Rd7 Kh7 58. h4 Re6 59. Rc7 Re1 60. Rc6 Rg1+ 61. Kf5 Rf1 62. Rxb6 Rh1 63. Rc6 Rxh4 64. b6 Rh5+ 65. Ke4 Rb5 66. f5 Rb4+ 67. Kd5 Kg8 68. Ke6 Rd4 69. Rd6 Rb4 70. Kd7 Be5 71. Re6 Bf4 72. Kc6 Rc4+ 73. Kb7 Rc5 74. Rc6 Rxf5 75. Kc8 Rf8+ 76. Kb7 Rf7+ 77. Ka6 Kf8 78. b7 Ke8 79. Rc8+ Kd7 80. b8=Q Bxb8 81. Rxb8 Rf6+ 82. Rb6 Rxb6+ 83. Kxb6 1/2-1/2

[Event "December 19 Early 2023"]
[Site "https://www.chess.com"]
[Date "2023.12.19"]
[Round "8"]
[White "Fromm, Marius"]
[Black "Krzywda, Andrzej"]
[Result "1-0"]
[Board "78"]
[TimeControl "180+1"]
[WhiteFideId "12993190"]
[BlackFideId "1114565"]
[WhiteElo "2335"]
[BlackElo "2130"]
[WhiteTeam "GER"]
[BlackTeam "POL"]
[WhiteClock "0:00:58"]
[BlackClock "0:00:05"]

1. e4 e5 2. Nf3 Nf6 3. Nxe5 d6 4. Nf3 Nxe4 5. d4 d5 6. Bd3 Be7 7. O-O Bf5 8. Re1 O-O 9. Nbd2 Nd6 10. Nf1 Bxd3 11. Qxd3 c6 12. Bf4 Na6 13. Ng3 Nc7 14. Qb3 Rb8 15. a4 Ne6 16. Bxd6 Bxd6 17. Nf5 Bc7 18. g3 Qf6 19. Qd3 g6 20. Nh6+ Kh8 21. Ng4 Qg7 22. h4 Rbe8 23. Kg2 f5 24. Nge5 f4 25. g4 Re7 26. Re2 Rfe8 27. Rae1 Qf6 28. g5 Qf8 29. Ng4 Ng7 30. Nf6 Rxe2 31. Rxe2 Rxe2 32. Qxe2 Bd8 33. Qe5 Be7 34. Qxf4 Bd6 35. Ne5 Nf5 36. c3 Kg7 37. h5 Qe7 38. h6+ Kh8 39. Qh2 c5 40. f4 cxd4 41. cxd4 Nxd4 42. Qh3 Nf5 43. Qc3 Bxe5 44. Qc8+ 1-0

[Event "December 19 Early 2023"]
[Site "https://www.chess.com"]
[Date "2023.12.19"]
[Round "8"]
[White "Hnydiuk, Aleksander"]
[Black "Skliarov, Viktor"]
[Result "0-1"]
[Board "79"]
[TimeControl "180+1"]
[WhiteFideId "1109057"]
[BlackFideId "14106736"]
[WhiteElo "2374"]
[BlackElo "2301"]
[WhiteTeam "POL"]
[BlackTeam "UKR"]
[WhiteClock "0:00:00"]
[BlackClock "0:00:04"]

1. e4 c5 2. Nf3 Nc6 3. d4 cxd4 4. Nxd4 Nf6 5. Nc3 e5 6. Ndb5 d6 7. Bg5 a6 8. Na3 b5 9. Bxf6 gxf6 10. Nd5 f5 11. c3 Bg7 12. exf5 Bxf5 13. Nc2 O-O 14. Nce3 Be6 15. Bd3 f5 16. Qh5 e4 17. Bc2 Ne7 18. Nf4 Bf7 19. Bb3 d5 20. Qg5 Ng6 21. Qxd8 Rfxd8 22. Nfxd5 f4 23. Nb6 fxe3 24. Nxa8 exf2+ 25. Kxf2 Rxa8 26. Bxf7+ Kxf7 27. Rhe1 Re8 28. Rad1 Bh6 29. Rd7+ Kg8 30. Red1 e3+ 31. Ke1 Nf4 32. Rd8 Nxg2+ 33. Ke2 Rxd8 34. Rxd8+ Kf7 35. Rd7+ Kg6 36. Rd6+ Kh5 37. Rxa6 Bf4 38. Ra7 h6 39. Rg7 Nh4 40. a4 bxa4 41. c4 Nf5 42. Rd7 Kg4 43. c5 Bxh2 44. c6 Bf4 45. c7 Bxc7 46. Rxc7 h5 47. Rc4+ Kg3 48. Rxa4 h4 49. b4 h3 50. Ra5 h2 51. Ra1 Kg2 52. b5 Ng3+ 53. Kxe3 Nf1+ 54. Rxf1 Kxf1 55. b6 h1=Q 0-1

[Event "December 19 Early 2023"]
[Site "https://www.chess.com"]
[Date "2023.12.19"]
[Round "8"]
[White "Reprintsev, Alexander"]
[Black "Golubev, Mikhail"]
[Result "0-1"]
[Board "80"]
[TimeControl "180+1"]
[WhiteFideId "14100541"]
[BlackFideId "14100983"]
[WhiteElo "2229"]
[BlackElo "2352"]
[WhiteTeam "UKR"]
[BlackTeam "UKR"]
[WhiteClock "0:00:38"]
[BlackClock "0:00:08"]

1. e4 c5 2. b3 b6 3. d4 cxd4 4. Qxd4 Bb7 5. Nc3 Nc6 6. Qd2 e6 7. Bb2 Nf6 8. O-O-O Bb4 9. f3 O-O 10. a3 Be7 11. g4 d5 12. g5 Nxe4 13. Nxe4 dxe4 14. Qxd8 Rfxd8 15. f4 e5 16. Bg2 Nd4 17. h4 Rac8 18. Kb1 Rxc2 19. Rxd4 Rxg2 20. Rxd8+ Bxd8 21. Bxe5 e3 22. Nh3 Be4+ 23. Kc1 Be7 24. b4 a5 25. Re1 e2 26. bxa5 Bxa3+ 27. Bb2 Bb4 0-1

[Event "December 19 Early 2023"]
[Site "https://www.chess.com"]
[Date "2023.12.19"]
[Round "8"]
[White "Parfenov, Viktor N."]
[Black "Tokhirjonova, Gulrukhbegim"]
[Result "1-0"]
[Board "81"]
[TimeControl "180+1"]
[WhiteFideId "4165969"]
[BlackFideId "14203626"]
[WhiteElo "2093"]
[BlackElo "2265"]
[WhiteTeam "RUS"]
[BlackTeam "USA"]
[WhiteClock "0:00:14"]
[BlackClock "0:00:00"]

1. e4 e5 2. Nf3 Nc6 3. Bc4 Bc5 4. c3 Nf6 5. d3 a6 6. a4 h6 7. O-O d6 8. Re1 O-O 9. h3 Re8 10. Nbd2 Be6 11. Bxe6 Rxe6 12. b4 Ba7 13. Qc2 Re8 14. Nf1 Ne7 15. Be3 Ng6 16. Bxa7 Rxa7 17. Ng3 Nf4 18. d4 Ra8 19. dxe5 dxe5 20. Rad1 Qc8 21. Nf5 Qe6 22. Kh2 c6 23. g3 Ng6 24. Rd6 Qc8 25. Nxh6+ gxh6 26. Rxf6 Qd8 27. Rf5 Qe7 28. Qd2 Kg7 29. Rd1 Rad8 30. Qe2 Rxd1 31. Qxd1 Rd8 32. Qe2 Rd6 33. a5 Rd7 34. h4 f6 35. Qe3 Nh8 36. Kg2 Nf7 37. Nh2 Kg6 38. Qf3 Rd6 39. Ng4 Qd8 40. Ne3 Rd3 41. Qg4+ Kh7 42. Rf3 Nd6 43. Qe6 Kg7 44. Qg4+ Kh7 45. Nf5 Nxf5 46. Qxf5+ Kg7 47. Qg4+ Kh7 48. h5 Rxf3 49. Qxf3 Qd6 50. Qf5+ Kh8 51. Qg6 Qf8 52. Kf3 c5 53. Kg4 cxb4 54. cxb4 Qxb4 55. Qxf6+ Kg8 56. Qg6+ Kf8 57. Qxh6+ Ke7 58. Kf5 Qxa5 59. Qe6+ Kd8 60. h6 Qe1 61. f4 Qxg3 62. Qf6+ 1-0

[Event "December 19 Early 2023"]
[Site "https://www.chess.com"]
[Date "2023.12.19"]
[Round "8"]
[White "Iskusnyh, Sergei"]
[Black "Kochiev, Ivan"]
[Result "1-0"]
[Board "82"]
[TimeControl "180+1"]
[WhiteFideId "4120027"]
[BlackFideId "2917890"]
[WhiteElo "2455"]
[BlackElo "2285"]
[WhiteTeam "RUS"]
[BlackTeam "BUL"]
[WhiteClock "0:00:52"]
[BlackClock "0:00:00"]

1. d4 Nf6 2. c4 e6 3. g3 c5 4. Nf3 cxd4 5. Nxd4 Nc6 6. Bg2 a6 7. O-O Qc7 8. Nc3 d6 9. b3 Be7 10. Bb2 O-O 11. Rc1 Nxd4 12. Qxd4 Bd7 13. Rfd1 Rfd8 14. h3 Rac8 15. Qe3 Qb8 16. Ne4 Nxe4 17. Qxe4 b5 18. Qg4 Bf8 19. Bf6 Re8 20. c5 Kh8 21. Bb2 d5 22. e4 Red8 23. exd5 exd5 24. Qh5 Be6 25. b4 d4 26. Rxd4 Rxd4 27. Bxd4 Bxa2 28. Be4 f5 29. Qxf5 Bg8 30. Be5 Qa7 31. Qxc8 Qe7 32. Qf5 Qd8 33. c6 Qd2 34. Bf4 1-0

[Event "December 19 Early 2023"]
[Site "https://www.chess.com"]
[Date "2023.12.19"]
[Round "8"]
[White "Domingo Nunez, Alejandro"]
[Black "Rakhimgaliyev, Yerlan"]
[Result "1-0"]
[Board "83"]
[TimeControl "180+1"]
[WhiteFideId "22245561"]
[BlackFideId "13705148"]
[WhiteElo "2252"]
[BlackElo "2261"]
[WhiteTeam "ESP"]
[BlackTeam "KAZ"]
[WhiteClock "0:00:05"]
[BlackClock "0:00:03"]

1. e4 e5 2. Nf3 d6 3. Bc4 Be7 4. O-O Nf6 5. Nc3 O-O 6. Re1 Re8 7. d4 exd4 8. Nxd4 Bf8 9. Bf1 Nbd7 10. g3 c6 11. Bg2 a5 12. a4 Nc5 13. h3 Qb6 14. b3 Bd7 15. Bg5 Rad8 16. Bxf6 gxf6 17. Nde2 f5 18. Nf4 fxe4 19. Nxe4 Nxe4 20. Bxe4 d5 21. Bd3 Rxe1+ 22. Qxe1 Qd4 23. Rd1 Qf6 24. Qxa5 Bd6 25. Nh5 Qg5 26. h4 Qe7 27. Re1 Qf8 28. Nf6+ Kh8 29. Nxh7 Qg8 30. Nf6 Qf8 31. Qd2 Qg7 32. Nxd7 Bxg3 33. Qg5 Bxh4 34. Qxg7+ Kxg7 35. Ne5 Bf6 36. Ng4 Bc3 37. Re7 b6 38. Rb7 Bd4 39. Ne3 Kf6 40. Nf5 Bc5 41. b4 Bxb4 42. Rxb6 Bf8 43. Rxc6+ Ke5 44. a5 Rb8 45. Rb6 Ra8 46. a6 Bc5 47. Rb7 f6 48. Kg2 Kf4 49. Rb5 Rc8 50. Rxc5 Rxc5 51. Nd6 Ra5 52. Nc8 Ke5 53. a7 Ke6 54. Kf3 Kd7 55. Bf5+ Kc7 56. Kg4 Kb7 57. Kh5 Ra4 58. Kg6 Rf4 59. Kxf6 Rxf2 60. Ke5 Rh2 61. Kxd5 Rh5 62. Ke4 Rh4+ 63. Kd3 Rh5 64. Be4+ Kxc8 65. a8=Q+ Kc7 66. Qb7+ 1-0

[Event "December 19 Early 2023"]
[Site "https://www.chess.com"]
[Date "2023.12.19"]
[Round "8"]
[White "Kanyamarala, Trisha"]
[Black "Kokoszczynski, Jan"]
[Result "1-0"]
[Board "84"]
[TimeControl "180+1"]
[WhiteFideId "45004722"]
[BlackFideId "1174460"]
[WhiteElo "2078"]
[BlackElo "2266"]
[WhiteTeam "IRL"]
[BlackTeam "POL"]
[WhiteClock "0:00:39"]
[BlackClock "0:00:01"]

1. c4 g6 2. Nc3 Bg7 3. d4 c5 4. e3 cxd4 5. exd4 Nf6 6. Nf3 d5 7. Be2 O-O 8. O-O dxc4 9. Bxc4 b6 10. Bf4 Bb7 11. Rc1 Nc6 12. a3 Rc8 13. Ba2 Na5 14. Ne5 Nd5 15. Nxd5 Rxc1 16. Nxe7+ Qxe7 17. Qxc1 Rc8 18. Qd2 Bxe5 19. Bxe5 Nc4 20. Bxc4 Rxc4 21. Qh6 f6 22. Bg3 Qe4 23. f3 Qxd4+ 24. Bf2 Qxb2 25. Re1 Bc6 26. h4 Rc2 27. Re7 Qc1+ 28. Qxc1 Rxc1+ 29. Kh2 Rd1 30. Rxa7 b5 31. Rc7 Rd6 32. Bc5 Re6 33. Kg3 h6 34. Rc8+ Kf7 35. Rh8 Kg7 36. Rc8 g5 37. h5 f5 38. Bd4+ Kf7 39. Rc7+ Ke8 40. Rh7 Re2 41. Rxh6 f4+ 42. Kh3 Bd7+ 43. g4 Bc6 44. Rxc6 Kd7 45. Rc5 Rd2 46. Bf6 Rd5 47. Rxd5+ 1-0